 Dungeon Crawl Stone Soup version 0.29-a0-728-g6bb282b620 (webtiles) character file.

Game seed: 7632678227112251714

71 EnegeticOcto the Sneak (level 4, -1/38 HPs)
             Began as a Naga Arcane Marksman on June 29, 2022.
             Slain by a gnoll
             ... wielding a +0 whip
              (2 damage)
             ... on level 2 of the Dungeon.
             The game lasted 00:04:10 (1808 turns).

EnegeticOcto the Sneak (Naga Arcane Marksman)       Turns: 1808, Time: 00:04:10

Health: -1/38      AC:  2    Str: 12 (13) XL:     4   Next: 24%
Magic:  1/5        EV:  9    Int: 12 (13) God:
Gold:   181        SH:  0    Dex: 11 (13) Spells: 4/5 levels left

rFire   . . .      SeeInvis +   b - +0 quarterstaff
rCold   . . .      Faith    .   (shield currently unavailable)
rNeg    . . .      Spirit   .   c - +0 robe
rPois   +          Reflect  .   (no helmet)
rElec   .          Harm     .   (no cloak)
rCorr   .          Rampage  .   (no gloves)
Will    .....                   (no barding)
Stlth   ++........              (no amulet)
HPRegen 0.12/turn               (no ring)
MPRegen 0.09/turn               (no ring)

@: very slow
A: AC +1, large, see invisible, deformed body, poison resistance, slowness 2,
spit poison 1, naga tail 1
a: Spit Poison


You were on level 2 of the Dungeon.
You visited 1 branch of the dungeon, and saw 2 of its levels.

You collected 181 gold pieces.

Inventory:

Hand Weapons
 a - a +0 sling
 b - a +0 quarterstaff (weapon)
   (You found it on level 1 of the Dungeon)
 f - a +0 short sword
   (You took it off a kobold on level 1 of the Dungeon)
Missiles
 g - 20 stones
Armour
 c - a +0 robe (worn)
Scrolls
 e - a scroll of amnesia {unknown}
 i - a scroll of vulnerability
 j - a scroll of teleportation {unknown}
 k - a scroll of summoning {unknown}
 l - a scroll of immolation {unknown}
 m - a scroll of identify {unknown}
Potions
 d - a potion of degeneration
 h - 2 potions of curing {unknown}


   Skills:
 - Level 1.0 Fighting
 + Level 3.1 Ranged Weapons
 - Level 1.5 Dodging
 - Level 4.0 Stealth
 - Level 1.0 Spellcasting
 - Level 3.0 Hexes


You had 4 spell levels left.
You knew the following spells:

 Your Spells              Type           Power      Damage    Failure   Level
a - Slow                  Hex            28%        N/A       9%          1

Your spell library contained the following spells:

 Spells                   Type           Power      Damage    Failure   Level
 Confusing Touch          Hex            7%         N/A       26%         3
 Inner Flame              Hex/Fire       4%         N/A       43%         3
 Portal Projectile        Hex/Tloc       8%         N/A       43%         3
 Vampiric Draining        Necr           0%         2d6       65%         3
 Cause Fear               Hex            3%         N/A       65%         4


Dungeon Overview and Level Annotations

Branches:
Dungeon (2/15) Zot: 9855

Altars:

Shops:
D:2 (


Innate Abilities, Weirdness & Mutations

Your serpentine skin is tough. (AC +1)
You have supernaturally acute eyesight. (SInv)
Armour fits poorly on your strangely shaped body.
Your system is resistant to poisons. (rPois)
You cover ground very slowly.
You can spit poison.
You have a snake-like lower body.


Message History

You shoot a sling bullet. The sling bullet hits the rat.
You kill the rat!
No target in view! 2 gnolls come into view.
Found a book of Callings.
The gnoll shouts! x2
A gnoll comes into view. It is wielding a +0 whip.
You shoot a sling bullet.
The sling bullet barely misses the gnoll.
The gnoll shouts!
A gnoll comes into view. It is wielding a +0 whip.
There is an open door here.
A rat comes into view.
Aiming: Spit Poison (2% risk of failure)
Press: ? - help, Shift-Dir - straight line, f/p - gnoll
Aim: a gnoll, wielding a +0 whip (65% to hit)
The splash of poison misses the gnoll.
Casting: Slow (safe; 9% risk of failure)
Confirm with . or Enter, or press ? or * to list all spells.
Aiming: Slow (safe; 9% risk of failure)
Press: ? - help, Shift-Dir - straight line, f/p - gnoll
Aim: a gnoll, wielding a +0 whip (chance to affect: 54%)
The gnoll seems to slow down.
The gnoll shouts!
Fire: a) +0 sling
Press: ? - help, Q - select action, (/) - cycle Shift-Dir - straight line, f/p - gnoll
Aim: a gnoll, wielding a +0 whip (slow)
Okay, then.
b - a +0 quarterstaff (weapon)
You hit the gnoll.
The gnoll is moderately wounded.
The gnoll closely misses you.
You thump the gnoll!
The gnoll is severely wounded.
You have got your breath back.
The gnoll hits you with a +0 whip!
You hit the gnoll.
You kill the gnoll!
The gnoll barely misses you.
You have reached level 4!
You feel stronger.
Casting: Slow (safe; 9% risk of failure)
Confirm with . or Enter, or press ? or * to list all spells.
Aiming: Slow (safe; 9% risk of failure)
Press: ? - help, Shift-Dir - straight line, f - gnoll
Aim: a gnoll, wielding a +0 whip (chance to affect: 54%)
The gnoll resists with significant effort.
The gnoll closely misses you.
You hit the gnoll.
The gnoll is lightly wounded.
The gnoll barely misses you.
Casting: Slow (safe; 9% risk of failure)
Confirm with . or Enter, or press ? or * to list all spells.
Aiming: Slow (safe; 9% risk of failure)
Press: ? - help, Shift-Dir - straight line, f/p - gnoll
Aim: a gnoll, wielding a +0 whip (lightly wounded, chance to affect: 54%)
The gnoll resists with significant effort.
The gnoll hits you with a +0 whip.
You hit the gnoll.
The gnoll is lightly wounded.
The gnoll hits you with a +0 whip.
You barely miss the gnoll.
The gnoll is lightly wounded.
The gnoll hits you with a +0 whip.
You hit the gnoll.
The gnoll is moderately wounded.
The gnoll barely misses you. The gnoll completely misses you.
You hit the gnoll.
The gnoll is heavily wounded.
The gnoll completely misses you.
You barely miss the gnoll.
The gnoll is heavily wounded.
The gnoll hits you but does no damage.
You closely miss the gnoll.
The gnoll is heavily wounded.
The gnoll barely misses you. The gnoll hits you with a +0 whip.
You sock the gnoll!
You kill the gnoll!
Your Ranged Weapons skill increases to level 3!
Aiming: Spit Poison (1% risk of failure)
Press: ? - help, Shift-Dir - straight line, f - gnoll
Aim: a gnoll, wielding a +0 whip (65% to hit)
The splash of poison hits the gnoll.
The gnoll is poisoned.
The gnoll is lightly wounded.
The gnoll hits you with a +0 whip!
* * * LOW HITPOINT WARNING * * *
Casting: Slow (safe; 9% risk of failure)
Confirm with . or Enter, or press ? or * to list all spells.
Aiming: Slow (safe; 9% risk of failure)
Press: ? - help, Shift-Dir - straight line, f/p - gnoll
Aim: a gnoll, wielding a +0 whip (chance to affect: 54%)
The gnoll resists with significant effort.
The gnoll hits you with a +0 whip!
* * * LOW HITPOINT WARNING * * *
It was a potion of degeneration.
There was something very wrong with that liquid.
You feel weakened.
You feel dopey.
You feel clumsy.
You have got your breath back.
The gnoll hits you with a +0 whip.
You die...

#....#.# +... .####..##.#
#...#####..........#
#.r.....#######..#.# #.......#
##.#.# #.......# #.#.#
#.......# #.†.# #.......#
##).# #@# ##..### #g# #......
#g# #...... ####.# #..>...
##########....# #......
.........#....# #......
g.g..g...#....#### #......
:........#.......#######......
......g..'....................


You could see 2 gnolls and a rat (asleep).

Vanquished Creatures
  2 gnolls (D:2)
  A dart slug (D:2)
  2 ball pythons (D:2)
  A bat (D:2)
  6 endoplasms
  2 giant cockroaches (D:1)
  4 goblins
  6 hobgoblins
  3 jackals (D:1)
  8 kobolds
  2 frilled lizards (D:2)
  5 rats
42 creatures vanquished.

Notes
Turn   | Place    | Note
-------+----------+-------------------------------------------
     0 | D:1      | EnegeticOcto the Naga Arcane Marksman began the quest for
                  | the Orb.
     0 | D:1      | Reached XP level 1. HP: 18/18 MP: 2/2
    96 | D:1      | Reached skill level 1 in Stealth
   140 | D:1      | Reached skill level 2 in Stealth
   150 | D:1      | Reached XP level 2. HP: 25/25 MP: 1/3
   373 | D:1      | Reached skill level 3 in Stealth
   868 | D:1      | Reached skill level 4 in Stealth
  1141 | D:2      | Reached XP level 3. HP: 31/31 MP: 4/4
  1146 | D:2      | Reached skill level 2 in Ranged Weapons
  1733 | D:2      | Found Hituerig's Antique Weapon Shop.
  1796 | D:2      | Reached XP level 4. HP: 28/38 MP: 3/5
  1806 | D:2      | Reached skill level 3 in Ranged Weapons
  1807 | D:2      | HP: 1/38 [gnoll/+0 whip (9)]
  1808 | D:2      | Slain by a gnoll

Illustrated notes

Levels and vault maps discovered:
D:1:      dpeg_arrival_tiny_c, layout_loops_ring
D:2:      layout_basic, serial_shops, shop, basic_ecumenical_altar,
          minmay_pentomino_pile

Skill      XL: |  1  2  3  4 |
---------------+-------------+-----
Stealth        | 2 4 |  4.0
Ranged Weapons | 2 3 |  3.1
Fighting       | |  1.0
Dodging        | |  1.5
Spellcasting   | |  1.0
Hexes          | |  3.0

Action                   |  1- 3 |  4- 6 || total
-------------------------+-------+-------++-------
Melee: Quarterstaff      |    13 |     8 ||    21
 Fire: Sling             |   126 |       ||   126
 Cast: Slow              |     6 |     3 ||     9
 Abil: Spit Poison       |     9 |     1 ||    10
  Use: Potion            |       |     1 ||     1
Armor: Robe              |    12 |     1 ||    13
Dodge: Dodged            |    30 |     6 ||    36

Table legend: (Time is in decaauts)
 A = Elapsed time spent in this place.
 B = Non-inter-level travel time spent in this place.
 C = Inter-level travel time spent in this place.
 D = Time resting spent in this place.
 E = Time spent auto-exploring this place.
 F = Levels seen in this place.
 G = Mean time per level.
                   A        B        C        D        E       F      G
               +--------+--------+--------+--------+--------+-----+--------+
         Total |   2143 |   2062 |     81 |    227 |   1397 |   2 | 1071.5 |
       Dungeon |   2143 |   2062 |     81 |    227 |   1397 |   2 | 1071.5 |
               +--------+--------+--------+--------+--------+-----+--------+

Top non-repeatable levels by time:
     D:1: 1392 daAuts
     D:2: 751 daAuts
